[Event "Titled Tuesday Blitz November 14 Late 2023"]
[White "Rangel, Daniel"]
[Black "Burke, Paul"]
[WhiteFideId "2124475"]
[BlackFideId "2605767"]
[WhiteElo "2517"]
[BlackElo "1850"]
[Result "1-0"]
[Round "1"]
[TimeControl "180+1"]
[Date "2023.11.14"]
[WhiteClock "0:01:21"]
[BlackClock "0:00:25"]
[Board "182"]

1. d4 a6 2. c4 d6 3. e4 g6 4. Nc3 h6 5. Be3 Bg7 6. Qd2 Nd7 7. Nf3 e5 8. Be2 Ne7 9. O-O f5 10. dxe5 dxe5 11. exf5 gxf5 12. Qc2 f4 13. Bd2 O-O 14. Ne4 Nf5 15. Bc3 Nh4 16. Rad1 Nxf3+ 17. Bxf3 Qe8 18. Rfe1 Qg6 19. b4 Nb6 20. c5 Nd7 21. c6 bxc6 22. Bb2 Nb6 23. Rc1 Nd5 24. Qxc6 Qxc6 25. Rxc6 Nxb4 26. Rxc7 Nd3 27. Re2 Nxb2 28. Rxb2 Bf5 29. Rbb7 Bh8 30. Nd6 Be6 31. Be4 Bf6 32. Nf5 Rac8 33. Nxh6+ Kh8 34. Rh7# 1-0


[Site "https://www.chess.com"]

[Event "Titled Tuesday Blitz November 14 Late 2023"]
[White "DAVIDHDZSTS"]
[Black "Weimarraner"]
[WhiteElo "1849"]
[BlackElo "2516"]
[Result "0-1"]
[Round "1"]
[TimeControl "180+1"]
[Date "2023.11.14"]
[WhiteClock "0:00:03"]
[BlackClock "0:01:10"]
[Board "183"]

1. d4 Nf6 2. Nc3 d5 3. Bf4 a6 4. e3 e6 5. a3 c5 6. Nf3 Nc6 7. Be2 h6 8. h3 b5 9. dxc5 Bxc5 10. O-O Bb7 11. Nd4 O-O 12. Nxc6 Bxc6 13. Be5 Nd7 14. Bd4 Be7 15. f4 Qc7 16. Na2 a5 17. b3 Bxa3 18. Nc3 Bb2 19. Nxb5 Bxb5 20. Bxb2 Bxe2 21. Qxe2 Rfc8 22. Rfc1 Nc5 23. Qd2 Ne4 24. Qd4 Nc3 25. Kf2 f6 26. Ke1 Ne4 27. c4 Qb7 28. cxd5 exd5 29. Rxc8+ Rxc8 30. Rxa5 Qxb3 31. Ra3 Qc2 32. Qxd5+ Kh8 33. Bxf6 Qb1+ 34. Ke2 Nxf6 35. Qe6 Rc2+ 36. Kf3 Qf1+ 37. Kg3 Qxg2+ 38. Kh4 g5+ 39. fxg5 hxg5# 0-1


[Site "https://www.chess.com"]

[Event "Titled Tuesday Blitz November 14 Late 2023"]
[White "Richter, Paul"]
[Black "Lutz, Igor Oscar"]
[WhiteFideId "2046350"]
[BlackFideId "2110806"]
[WhiteElo "2515"]
[BlackElo "1835"]
[Result "1-0"]
[Round "1"]
[TimeControl "180+1"]
[Date "2023.11.14"]
[WhiteClock "0:01:43"]
[BlackClock "0:00:06"]
[Board "184"]

1. e4 c5 2. Nf3 Nc6 3. d4 cxd4 4. Nxd4 Nf6 5. Nc3 d6 6. Bg5 e6 7. Qd2 Be7 8. O-O-O O-O 9. f4 Nxd4 10. Qxd4 Qa5 11. Bd3 Bd7 12. h4 e5 13. Qf2 Bc6 14. g4 b5 15. Bxf6 Bxf6 16. g5 Be7 17. Kb1 b4 18. Nd5 Bxd5 19. exd5 b3 20. axb3 exf4 21. Qxf4 Rfc8 22. Qe4 g6 23. Qxe7 Qxd5 24. Bc4 Qf5 25. Rhf1 1-0


[Site "https://www.chess.com"]

[Event "Titled Tuesday Blitz November 14 Late 2023"]
[White "Nakamura, Hikaru"]
[Black "Thomforde-Toates, Noah"]
[WhiteFideId "2016192"]
[BlackFideId "30951992"]
[WhiteElo "3293"]
[BlackElo "2630"]
[Result "1-0"]
[Round "2"]
[TimeControl "180+1"]
[Date "2023.11.14"]
[WhiteClock "0:00:25"]
[BlackClock "0:00:40"]
[Board "1"]

1. Nf3 Nf6 2. b3 b6 3. g3 Bb7 4. Bg2 e6 5. Bb2 Be7 6. c4 O-O 7. O-O c5 8. e3 d5 9. Qe2 dxc4 10. bxc4 Be4 11. Rc1 Bd3 12. Qd1 Nc6 13. Ne1 Be4 14. Bxf6 Bxf6 15. Bxe4 Bxa1 16. Bxc6 Rc8 17. Bg2 Bb2 18. Rc2 Bf6 19. Nc3 Qd7 20. d3 Rfd8 21. h4 g6 22. h5 Bg7 23. Qe2 Qd6 24. Bf1 Qe5 25. hxg6 hxg6 26. a4 Rd7 27. Nf3 Qh5 28. Nd2 Qf5 29. Qf3 Qe5 30. a5 bxa5 31. Qd1 Rcd8 32. Qb1 Bh6 33. Kg2 g5 34. Qb5 g4 35. Nce4 Rc7 36. d4 Qf5 37. Qxa5 Rdd7 38. Ra2 cxd4 39. Qxf5 exf5 40. Nf6+ Kg7 41. Nxd7 dxe3 42. fxe3 Rxd7 43. Kf2 Kf6 44. Be2 Kg5 45. Nb3 Bg7 46. Nc5 Rc7 47. Nd3 Bf8 48. c5 Bxc5 49. Nxc5 Rxc5 50. Rxa7 f6 51. Bd3 Rd5 52. Ke2 Rc5 53. Kd2 Rd5 54. Rb7 Re5 55. Rb4 Rc5 56. Rb5 Re5 57. Ke2 Kg6 58. Rb8 Ra5 59. Rb5 Ra2+ 60. Ke1 Ra1+ 61. Bb1 Ra3 62. Bxf5+ Kg5 63. Bd3+ Kh6 64. Kd2 Ra2+ 65. Bc2 Ra1 66. Rf5 Rg1 67. Rxf6+ Kh5 68. Rf5+ Kh6 69. Rf4 Rxg3 70. Bf5 Rg2+ 71. Kd3 g3 72. Rg4 Kh5 73. Rg8 Rg1 74. Ke4 Kh4 75. Ke5 g2 76. e4 Kh5 77. Kf6 Kh4 78. e5 Kh5 79. e6 Kh4 80. e7 1-0


[Site "https://www.chess.com"]

[Event "Titled Tuesday Blitz November 14 Late 2023"]
[White "Erenberg, Ariel"]
[Black "Andreikin, Dmitry"]
[WhiteFideId "2811634"]
[BlackFideId "4158814"]
[WhiteElo "2630"]
[BlackElo "3130"]
[Result "0-1"]
[Round "2"]
[TimeControl "180+1"]
[Date "2023.11.14"]
[WhiteClock "0:00:00"]
[BlackClock "0:00:54"]
[Board "2"]

1. Nf3 Nf6 2. d4 e6 3. Bf4 b6 4. c3 Bb7 5. e3 Nh5 6. Bg5 Be7 7. Bxe7 Qxe7 8. Nbd2 d6 9. Bd3 Nd7 10. a4 O-O 11. a5 e5 12. Nxe5 Nxe5 13. Bxh7+ Kxh7 14. Qxh5+ Kg8 15. dxe5 dxe5 16. O-O Rad8 17. Nf3 f6 18. Nh4 Qe6 19. axb6 axb6 20. Ng6 Rfe8 21. Ra7 Qc6 22. f3 Rd2 23. b4 b5 24. Nh4 Red8 25. Nf5 Qb6 26. Qg6 R2d7 27. Rfa1 c5 28. h4 cxb4 29. cxb4 Bc8 30. Kh2 Rxa7 31. Rxa7 Qxa7 32. Nh6+ Kf8 33. Qh7 Qd7 34. Qg8+ Ke7 35. Qxg7+ Ke6 36. Qg4+ Kd6 37. Qe4 Kc7 38. h5 Qg7 0-1


[Site "https://www.chess.com"]

[Event "Titled Tuesday Blitz November 14 Late 2023"]
[White "Nihal Sarin"]
[Black "ArtemDyachuk"]
[WhiteFideId "25092340"]
[WhiteElo "3102"]
[BlackElo "2628"]
[Result "1-0"]
[Round "2"]
[TimeControl "180+1"]
[Date "2023.11.14"]
[WhiteClock "0:01:14"]
[BlackClock "0:00:00"]
[Board "3"]

1. d4 Nf6 2. Nf3 e6 3. Bf4 b6 4. e3 Bb7 5. Nbd2 Nh5 6. Bg5 Be7 7. Bxe7 Qxe7 8. Bd3 O-O 9. O-O d6 10. a4 a5 11. Be4 d5 12. Bd3 Nd7 13. Ne5 Nhf6 14. f4 c5 15. c3 cxd4 16. exd4 Rac8 17. Qe2 Nb8 18. Rae1 Qe8 19. g4 Qxa4 20. g5 Ne4 21. Nxe4 dxe4 22. Bxe4 Bxe4 23. Qxe4 Qb3 24. Re2 a4 25. f5 exf5 26. Qxf5 a3 27. bxa3 Qd5 28. Rf3 Nc6 29. Nd7 Qxf5 30. Rxf5 Rfd8 31. Nxb6 Rb8 32. Nc4 Rb3 33. Rc5 Na7 34. Re7 Nb5 35. Na5 Rb2 36. Nc6 Ra8 37. a4 Na3 38. a5 Rc2 39. a6 h6 40. a7 Kh7 41. Rxf7 Rd2 42. Ne5 1-0


[Site "https://www.chess.com"]

[Event "Titled Tuesday Blitz November 14 Late 2023"]
[White "Principe, Gerson"]
[Black "Naroditsky, Daniel"]
[WhiteFideId "3804550"]
[BlackFideId "2026961"]
[WhiteElo "2622"]
[BlackElo "3099"]
[Result "0-1"]
[Round "2"]
[TimeControl "180+1"]
[Date "2023.11.14"]
[WhiteClock "0:00:08"]
[BlackClock "0:00:19"]
[Board "4"]

1. d4 Nf6 2. e3 g6 3. Nf3 Bg7 4. Be2 O-O 5. O-O d6 6. b3 c6 7. Bb2 Nbd7 8. c4 Qc7 9. Nc3 e5 10. Rc1 Re8 11. b4 exd4 12. Nxd4 Ne5 13. a3 h5 14. Qc2 a5 15. Rfd1 Bh6 16. Re1 Neg4 17. h3 Nxf2 18. Kxf2 Bxe3+ 19. Kf1 Bxd4 20. Nb5 cxb5 21. Bxd4 Bf5 22. Qb2 Ne4 23. cxb5 Qd7 24. Bc4 d5 25. Bb3 axb4 26. axb4 Qxb5+ 27. Kg1 Qxb4 28. Bh8 Qf8 29. Bxd5 Rad8 30. g4 hxg4 31. Bxe4 Bxe4 32. hxg4 Qh6 33. Rcd1 Qh1+ 34. Kf2 Qg2+ 0-1


[Site "https://www.chess.com"]

[Event "Titled Tuesday Blitz November 14 Late 2023"]
[White "Tabatabaei, M. Amin"]
[Black "Sakun, Volodymyr"]
[WhiteFideId "12521213"]
[BlackFideId "14114062"]
[WhiteElo "3090"]
[BlackElo "2621"]
[Result "1-0"]
[Round "2"]
[TimeControl "180+1"]
[Date "2023.11.14"]
[WhiteClock "0:00:16"]
[BlackClock "0:00:00"]
[Board "5"]

1. e4 c6 2. d4 d5 3. exd5 cxd5 4. Nf3 Nc6 5. Bb5 Qa5+ 6. Nc3 Bg4 7. h3 Bxf3 8. Qxf3 e6 9. O-O Nf6 10. Be3 Be7 11. a3 O-O 12. Bd3 Rac8 13. Rfd1 a6 14. g4 Qc7 15. g5 Nd7 16. h4 Na5 17. Ne2 Nc4 18. Bxc4 dxc4 19. Nf4 Nb6 20. d5 Nxd5 21. Nxd5 exd5 22. Rxd5 Rcd8 23. Rad1 Rxd5 24. Rxd5 Rd8 25. h5 Rxd5 26. Qxd5 Qc6 27. Qxc6 bxc6 28. Kg2 f5 29. g6 hxg6 30. hxg6 Bf6 31. b3 cxb3 32. cxb3 Kf8 33. Bc5+ Ke8 34. Kf3 Kd7 35. Ke3 Ke6 36. Bd4 Bg5+ 37. Kd3 Bf6 38. b4 f4 39. Bxf6 Kxf6 40. Ke4 Kg5 41. a4 f3 42. Kxf3 Kxg6 43. Ke4 Kf6 44. Kd4 Ke6 45. Kc5 Kd7 46. Kb6 1-0


[Site "https://www.chess.com"]

[Event "Titled Tuesday Blitz November 14 Late 2023"]
[White "Wadsworth, Matthew J"]
[Black "Yoo, Christopher Woojin"]
[WhiteFideId "415804"]
[BlackFideId "30909694"]
[WhiteElo "2620"]
[BlackElo "3069"]
[Result "0-1"]
[Round "2"]
[TimeControl "180+1"]
[Date "2023.11.14"]
[WhiteClock "0:00:41"]
[BlackClock "0:00:57"]
[Board "6"]

1. Nf3 Nf6 2. g3 d6 3. Bg2 e5 4. O-O Nbd7 5. c4 Be7 6. Nc3 O-O 7. d4 c6 8. e4 a5 9. Re1 Re8 10. h3 Rb8 11. d5 Nc5 12. Bf1 Bd7 13. a3 a4 14. Bg5 Qa5 15. Nd2 Nxd5 16. cxd5 Bxg5 17. Nc4 Qc7 18. dxc6 bxc6 19. Qxd6 Qxd6 20. Nxd6 Red8 21. Bc4 Be6 22. Bxe6 Rxd6 23. Bc4 Rxb2 24. Rab1 Rc2 25. Rb8+ Rd8 26. Rxd8+ Bxd8 27. Re3 Ba5 0-1


[Site "https://www.chess.com"]

[Event "Titled Tuesday Blitz November 14 Late 2023"]
[White "Niemann, Hans Moke"]
[Black "Vlassov, Nikolai"]
[WhiteFideId "2093596"]
[BlackFideId "4103360"]
[WhiteElo "3060"]
[BlackElo "2617"]
[Result "0-1"]
[Round "2"]
[TimeControl "180+1"]
[Date "2023.11.14"]
[WhiteClock "0:00:00"]
[BlackClock "0:00:13"]
[Board "7"]

1. e4 Nc6 2. Nc3 Nf6 3. d4 d5 4. e5 Nd7 5. Nf3 Nb6 6. h3 Bf5 7. a3 e6 8. Bd3 Bxd3 9. Qxd3 f6 10. Bf4 fxe5 11. Nxe5 Bd6 12. Nxc6 bxc6 13. Bxd6 cxd6 14. O-O O-O 15. Rae1 Qf6 16. f4 Nc4 17. b3 Nxa3 18. Ra1 Nb5 19. Nxb5 cxb5 20. Ra6 Rfd8 21. c3 b4 22. cxb4 Rab8 23. b5 Rb7 24. g3 Qf5 25. Qxf5 exf5 26. Rf3 Rdd7 27. Ra5 Rb6 28. Rc3 Kf7 29. Rc6 Rdb7 30. Rxb6 axb6 31. Ra6 Ke6 32. Kf2 Rc7 33. Rxb6 Rc2+ 34. Ke1 Rc3 35. g4 Rxh3 36. g5 Rxb3 37. Rb7 h6 38. b6 hxg5 39. fxg5 f4 40. Rxg7 Rxb6 41. Kf2 Kf5 42. g6 Rb2+ 43. Kf3 Rb3+ 44. Kf2 Ke4 45. Rf7 Rb2+ 46. Kf1 Kf3 47. Ke1 Rg2 48. g7 Ke3 49. Kf1 Rg6 50. Re7+ Kxd4 51. Kf2 Kc3 52. Kf3 d4 53. Kxf4 d3 54. Kf5 Rg1 55. Rc7+ Kd4 56. Rd7 d5 57. Ke6 Rg5 58. Rxd5+ Rxd5 59. g8=Q Re5+ 60. Kd6 Re2 61. Qg4+ Kc3 62. Kc5 Rc2 63. Qd4+ Kd2+ 64. Kd5 Ke2 65. Ke4 d2 66. Qe3+ Kf1 67. Qf3+ Ke1 68. Qe3+ Kf1 69. Qd3+ Ke1 70. Qg3+ Ke2 71. Qg2+ Ke1 72. Kd3 d1=Q+ 0-1


[Site "https://www.chess.com"]

[Event "Titled Tuesday Blitz November 14 Late 2023"]
[White "Fiorito, Francisco"]
[Black "Erigaisi Arjun"]
[WhiteFideId "180165"]
[BlackFideId "35009192"]
[WhiteElo "2607"]
[BlackElo "3033"]
[Result "0-1"]
[Round "2"]
[TimeControl "180+1"]
[Date "2023.11.14"]
[WhiteClock "0:00:04"]
[BlackClock "0:00:21"]
[Board "8"]

1. Nf3 g6 2. g3 Bg7 3. d4 c5 4. c3 b6 5. Bg2 Bb7 6. O-O Nf6 7. Re1 O-O 8. Nbd2 d5 9. Ne5 Nbd7 10. Ndf3 Rc8 11. Bf4 Ne4 12. Qa4 Nxe5 13. Nxe5 a6 14. Qd1 b5 15. Rc1 cxd4 16. cxd4 Qa5 17. a3 Rxc1 18. Qxc1 Rc8 19. Qd1 Nd6 20. Bd2 Qb6 21. Bb4 a5 22. Bc5 Qc7 23. b4 Nc4 24. Nxc4 dxc4 25. e4 Ra8 26. h4 axb4 27. axb4 h5 28. Qc1 Qd8 29. Rd1 e6 30. Qe3 Ra2 31. d5 exd5 32. exd5 c3 33. d6 Bxg2 34. Kxg2 c2 35. Re1 Qa8+ 36. Kh2 Qd5 37. Qe8+ Kh7 38. d7 Bf6 39. Be7 c1=Q 40. Bc5 0-1


[Site "https://www.chess.com"]

[Event "Titled Tuesday Blitz November 14 Late 2023"]
[White "Roberson, Peter T"]
[Black "Hakobyan, Aram"]
[WhiteFideId "412384"]
[BlackFideId "13306677"]
[WhiteElo "2607"]
[BlackElo "3028"]
[Result "0-1"]
[Round "2"]
[TimeControl "180+1"]
[Date "2023.11.14"]
[WhiteClock "0:00:10"]
[BlackClock "0:00:05"]
[Board "9"]

1. e4 c5 2. Nf3 a6 3. c3 e6 4. d4 d5 5. e5 Bd7 6. Bd3 Bb5 7. Bxb5+ axb5 8. dxc5 Bxc5 9. O-O Nc6 10. Nbd2 Nge7 11. Nb3 Bb6 12. Bd2 Ng6 13. Qe2 O-O 14. Rfe1 Qc7 15. Qxb5 Ncxe5 16. Nxe5 Nxe5 17. Rxe5 Bxf2+ 18. Kxf2 Qxe5 19. Kg1 Qf5 20. Nd4 Qg6 21. a3 e5 22. Nf3 Qe6 23. Re1 f6 24. Nd4 Qf7 25. Nf5 Rfd8 26. h3 Qe6 27. Ne3 Rd7 28. Rd1 Rad8 29. Be1 d4 30. cxd4 exd4 31. Ng4 d3 32. Bc3 d2 33. Qf1 h5 34. Nf2 Qe3 35. Qc4+ Kh8 36. Qh4 Rd5 37. Kh1 Rf5 38. Ne4 Rf1+ 39. Rxf1 d1=Q 40. Rxd1 Rxd1+ 41. Kh2 Qg1+ 42. Kg3 Qe3+ 43. Kh2 Qg1+ 44. Kg3 Rd3+ 45. Kf4 Qf1+ 46. Qf2 Qc1+ 47. Kf5 Qd1 48. Kg6 Qa4 49. Qf5 Qe8# 0-1


[Site "https://www.chess.com"]

[Event "Titled Tuesday Blitz November 14 Late 2023"]
[White "Bortnyk, Olexandr"]
[Black "Martinez Reyes, Pedro Ramon"]
[WhiteFideId "14120828"]
[BlackFideId "3901807"]
[WhiteElo "3019"]
[BlackElo "2594"]
[Result "1-0"]
[Round "2"]
[TimeControl "180+1"]
[Date "2023.11.14"]
[WhiteClock "0:02:35"]
[BlackClock "0:01:26"]
[Board "10"]

1. e4 e6 2. d4 d5 3. Nc3 Nf6 4. Bg5 h6 5. Bxf6 Qxf6 6. exd5 Bb4 7. Bb5+ c6 8. dxc6 bxc6 9. Bd3 Qxd4 10. Ne2 Qf6 11. O-O O-O 12. Ne4 Qe7 13. c3 Ba5 14. Nf4 Bc7 15. Nh5 Nd7 16. f4 Nc5 17. Nef6+ Kh8 18. Qg4 g6 19. Bxg6 fxg6 20. Qxg6 Rxf6 21. Nxf6 Qxf6 22. Qxf6+ Kh7 23. Qf7+ 1-0


[Site "https://www.chess.com"]

[Event "Titled Tuesday Blitz November 14 Late 2023"]
[White "Atanasov, Anthony"]
[Black "Martinez Alcantara, Jose Eduardo"]
[WhiteFideId "2623897"]
[BlackFideId "3805662"]
[WhiteElo "2593"]
[BlackElo "3018"]
[Result "0-1"]
[Round "2"]
[TimeControl "180+1"]
[Date "2023.11.14"]
[WhiteClock "0:01:16"]
[BlackClock "0:01:11"]
[Board "11"]

1. d4 Nf6 2. Nf3 e6 3. Bf4 b6 4. Nbd2 Bb7 5. e3 g6 6. Bd3 Bg7 7. c3 O-O 8. h3 d6 9. Qe2 c5 10. Bh2 Qe7 11. O-O Nc6 12. Nc4 Rfd8 13. a4 Rac8 14. Rfe1 Ne8 15. Qf1 d5 16. Nce5 Nd6 17. a5 c4 18. Nxc6 Bxc6 19. Bc2 b5 20. Be5 Qb7 21. a6 Qb6 22. Bxg7 Kxg7 23. Ne5 Ba8 24. f4 b4 25. Qf2 f6 26. Ng4 Rf8 27. Qh4 h5 28. Nf2 b3 29. Bd1 Nf5 0-1


[Site "https://www.chess.com"]

[Event "Titled Tuesday Blitz November 14 Late 2023"]
[White "Terry, Renato"]
[Black "Guerra Tulcan, Lenin"]
[WhiteFideId "3803457"]
[BlackFideId "3601382"]
[WhiteElo "3001"]
[BlackElo "2586"]
[Result "0-1"]
[Round "2"]
[TimeControl "180+1"]
[Date "2023.11.14"]
[WhiteClock "0:00:12"]
[BlackClock "0:00:14"]
[Board "12"]

1. d4 Nf6 2. Nf3 e6 3. c4 Bb4+ 4. Bd2 Bxd2+ 5. Qxd2 O-O 6. e3 d5 7. Nc3 a6 8. Rc1 Nc6 9. cxd5 exd5 10. Be2 Bf5 11. O-O Qd6 12. Nh4 Bg6 13. Nxg6 hxg6 14. Bf3 Rad8 15. Na4 Nd7 16. Qc3 Rfe8 17. Qb3 b5 18. Qxd5 Qxd5 19. Bxd5 Nb4 20. Nc3 Nb6 21. Bb3 Nd3 22. Rb1 c5 23. Bc2 cxd4 24. exd4 Rxd4 25. Rbd1 Red8 26. Bxd3 Rxd3 27. Rxd3 Rxd3 28. Rd1 Rxd1+ 29. Nxd1 Kf8 30. Kf1 Ke7 31. Ke2 Ke6 32. Kd3 Ke5 33. g3 g5 34. h3 f5 35. b3 Nd5 36. a3 f4 37. g4 f3 38. Nb2 Nf4+ 39. Ke3 Nxh3 40. Nd3+ Ke6 41. Nc5+ Kd5 42. Nxa6 Nf4 43. Nb4+ Kc5 44. Nd3+ Nxd3 45. Kxd3 Kd5 46. Kc3 Kc5 47. a4 bxa4 48. bxa4 g6 49. Kb3 Kd4 50. a5 Kc5 51. Ka4 Kc6 52. Kb4 Kb7 53. Kb5 Ka7 54. a6 Ka8 55. Kc5 Ka7 56. Kd5 Kxa6 57. Ke5 Kb5 58. Kf6 Kc4 59. Kxg5 Kd3 60. Kf4 Ke2 61. Kg3 g5 0-1


[Site "https://www.chess.com"]

[Event "Titled Tuesday Blitz November 14 Late 2023"]
[White "Ibarra Jerez, Jose Carlos"]
[Black "Gimenez Aguirre, Alejo Ismael"]
[WhiteFideId "2226332"]
[BlackFideId "32041667"]
[WhiteElo "2962"]
[BlackElo "2585"]
[Result "1-0"]
[Round "2"]
[TimeControl "180+1"]
[Date "2023.11.14"]
[WhiteClock "0:01:12"]
[BlackClock "0:00:13"]
[Board "13"]

1. e4 e6 2. d4 d5 3. Nc3 dxe4 4. Nxe4 Bd7 5. Nf3 Bc6 6. Neg5 Nd7 7. Nxf7 Kxf7 8. Ng5+ Ke7 9. Bc4 Nb6 10. Bxe6 Bd5 11. O-O Bxe6 12. Re1 Kd7 13. Nxe6 Qf6 14. Qg4 Bd6 15. Bg5 h5 16. Nc5+ Kc6 17. Qe4+ Kb5 18. a4+ Ka5 19. Bd2# 1-0


[Site "https://www.chess.com"]

[Event "Titled Tuesday Blitz November 14 Late 2023"]
[White "OPQRC"]
[Black "Maghsoodloo, Parham"]
[BlackFideId "12539929"]
[WhiteElo "2584"]
[BlackElo "2957"]
[Result "0-1"]
[Round "2"]
[TimeControl "180+1"]
[Date "2023.11.14"]
[WhiteClock "0:00:00"]
[BlackClock "0:00:03"]
[Board "14"]

1. e4 c5 2. Nf3 Nc6 3. b3 d6 4. Bb2 a6 5. d4 cxd4 6. Nxd4 Nf6 7. Nxc6 bxc6 8. Nc3 g6 9. e5 dxe5 10. Qf3 Qc7 11. h3 Bg7 12. O-O-O O-O 13. Bc4 a5 14. Rhe1 h5 15. Ne4 a4 16. Nc5 axb3 17. Bxb3 Nd5 18. Kb1 Ra5 19. Nd3 e4 20. Qxe4 Nc3+ 21. Bxc3 Bxc3 22. Qxg6+ Kh8 23. Qh6+ Kg8 24. Re3 Bg7 25. Qg6 Bf5 26. Qg3 Qxg3 27. Rxg3 h4 28. Rg5 e6 29. g4 hxg3 30. fxg3 Rfa8 31. g4 Be4 32. Rxa5 Rxa5 33. Nf4 c5 34. Nh5 Bd4 35. g5 Bf3 36. Nf6+ Bxf6 37. Rf1 Be2 38. Rxf6 c4 39. Rf2 cxb3 40. Rxe2 Rxa2 41. h4 Kg7 0-1


[Site "https://www.chess.com"]

[Event "Titled Tuesday Blitz November 14 Late 2023"]
[White "Gholami Orimi, Mahdi"]
[Black "Prithu Gupta"]
[WhiteFideId "12558486"]
[BlackFideId "46618546"]
[WhiteElo "2956"]
[BlackElo "2584"]
[Result "1-0"]
[Round "2"]
[TimeControl "180+1"]
[Date "2023.11.14"]
[WhiteClock "0:01:05"]
[BlackClock "0:00:05"]
[Board "15"]

1. d4 Nf6 2. c4 e6 3. Nc3 d5 4. cxd5 exd5 5. Bg5 Be7 6. e3 O-O 7. Bd3 c6 8. Nge2 Nbd7 9. Qc2 Re8 10. O-O Nf8 11. f3 Ne6 12. Bh4 g6 13. Rad1 b5 14. Kh1 a5 15. Bf2 Bb7 16. e4 b4 17. Na4 Rc8 18. e5 Nd7 19. f4 c5 20. dxc5 Ndxc5 21. Nxc5 Nxc5 22. Bb5 Ne4 23. Qd3 Nxf2+ 24. Rxf2 Qb6 25. Rff1 Red8 26. f5 d4 27. e6 Rc5 28. exf7+ Kf8 29. Be8 gxf5 30. Rxf5 Qg6 31. Ng3 Rdc8 32. Qxd4 Qg7 33. Qxg7+ Kxg7 34. Rxc5 Rxc5 35. h3 Rc2 36. Nh5+ Kf8 37. Nf4 Rf2 38. Ne6# 1-0


[Site "https://www.chess.com"]

[Event "Titled Tuesday Blitz November 14 Late 2023"]
[White "Lymar, Vladislav"]
[Black "Khismatullin, Denis"]
[WhiteFideId "14162180"]
[BlackFideId "4142578"]
[WhiteElo "2582"]
[BlackElo "2952"]
[Result "0-1"]
[Round "2"]
[TimeControl "180+1"]
[Date "2023.11.14"]
[WhiteClock "0:00:40"]
[BlackClock "0:00:36"]
[Board "16"]

1. d4 Nf6 2. c4 e6 3. Bf4 d5 4. cxd5 exd5 5. e3 Bd6 6. Bxd6 Qxd6 7. Bd3 O-O 8. Nc3 Re8 9. Qc2 Nc6 10. a3 Nxd4 11. Qa4 c5 12. Nge2 Bd7 13. Qd1 Nxe2 14. Nxe2 Ng4 15. h3 Ne5 16. O-O Rad8 17. Bc2 Bb5 18. Re1 d4 19. exd4 cxd4 20. Bb3 g6 21. Qd2 d3 22. Nc3 Bc6 23. Rad1 Qd4 24. Re3 Kg7 25. Rde1 Qf4 26. Rd1 h5 27. Rg3 Qxd2 28. Rxd2 h4 29. Re3 g5 30. Ne4 Bxe4 31. Rxe4 f5 32. Rb4 Re7 33. Kh2 f4 34. a4 b6 35. a5 Nc6 36. Rb5 Re5 37. Rxe5 Nxe5 38. axb6 axb6 39. Kg1 Kf6 40. Bd1 f3 41. Bxf3 Nxf3+ 42. gxf3 Ke5 43. Kf1 Kf4 44. Kg2 b5 45. b4 Rd4 46. Rd1 d2 47. Kg1 Kxf3 48. Kf1 Rc4 0-1


[Site "https://www.chess.com"]

[Event "Titled Tuesday Blitz November 14 Late 2023"]
[White "Mitrabha, Guha"]
[Black "Santos Flores, Alberto"]
[WhiteFideId "5057000"]
[BlackFideId "3601234"]
[WhiteElo "2946"]
[BlackElo "2582"]
[Result "1-0"]
[Round "2"]
[TimeControl "180+1"]
[Date "2023.11.14"]
[WhiteClock "0:01:45"]
[BlackClock "0:00:10"]
[Board "17"]

1. Nf3 d5 2. d4 Nf6 3. Bf4 c5 4. e3 Nc6 5. Nbd2 Bf5 6. Bb5 cxd4 7. exd4 Qb6 8. c4 dxc4 9. a4 a6 10. Nxc4 Qd8 11. Bxc6+ bxc6 12. O-O e6 13. Nfe5 Be4 14. a5 Be7 15. Nb6 Ra7 16. Rc1 O-O 17. Re1 Bd5 18. Nxd5 Qxd5 19. Nxc6 Rd7 20. Qa4 Bd6 21. Bxd6 Qxd6 22. Rc5 Nd5 23. Rec1 Rc7 24. Qc4 Rfc8 25. Qxa6 h6 26. h3 Kh7 27. b4 Nf4 28. Qc4 g6 29. b5 1-0


[Site "https://www.chess.com"]

[Event "Titled Tuesday Blitz November 14 Late 2023"]
[White "Lima, Kleyton Alcantara"]
[Black "Bortnyk, Mykola"]
[WhiteFideId "22718397"]
[BlackFideId "14120836"]
[WhiteElo "2581"]
[BlackElo "2942"]
[Result "0-1"]
[Round "2"]
[TimeControl "180+1"]
[Date "2023.11.14"]
[WhiteClock "0:00:18"]
[BlackClock "0:00:39"]
[Board "18"]

1. e4 Nf6 2. e5 Nd5 3. d4 d6 4. Nf3 dxe5 5. Nxe5 c6 6. Nf3 Bg4 7. Be2 e6 8. c4 Nf6 9. O-O Bd6 10. Be3 Nbd7 11. Nc3 O-O 12. Qd2 Qc7 13. h3 Bh5 14. Rad1 Rad8 15. Rfe1 Rfe8 16. a3 Qb8 17. b4 e5 18. dxe5 Nxe5 19. Nxe5 Bxe5 20. Qc1 Bg6 21. Bf3 h6 22. b5 Qc7 23. bxc6 bxc6 24. Na4 Be4 25. Bxe4 Nxe4 26. Nc5 Rxd1 27. Rxd1 Nc3 28. Rd2 Qa5 29. Nb3 Qa4 30. Nc5 Qxc4 31. Kh1 Rb8 32. Rb2 Rxb2 33. Qxb2 Qf1# 0-1


[Site "https://www.chess.com"]

[Event "Titled Tuesday Blitz November 14 Late 2023"]
[White "Grischuk, Alexander"]
[Black "Likvidator228"]
[WhiteFideId "4126025"]
[WhiteElo "2934"]
[BlackElo "2579"]
[Result "1-0"]
[Round "2"]
[TimeControl "180+1"]
[Date "2023.11.14"]
[WhiteClock "0:01:20"]
[BlackClock "0:00:00"]
[Board "19"]

1. d4 d5 2. Nf3 Nf6 3. Bg5 e6 4. Nbd2 Be7 5. e3 h6 6. Bf4 c5 7. c3 Nc6 8. Bd3 Nh5 9. Be5 Nxe5 10. Nxe5 Nf6 11. O-O O-O 12. f4 Nd7 13. Qh5 f5 14. Ndf3 Nf6 15. Qh3 Qe8 16. Kh1 Bd7 17. Rg1 Bb5 18. Bc2 Be2 19. Rae1 Bxf3 20. gxf3 Kh7 21. Re2 Rg8 22. Reg2 Bd6 23. Bxf5+ exf5 24. Qxf5+ Kh8 25. Ng6+ Kh7 26. Ne7+ Kh8 27. Nxg8 Qxg8 28. Rxg7 Qxg7 29. Rxg7 Kxg7 30. e4 dxe4 31. fxe4 Bf8 32. e5 Ng8 33. d5 Rd8 34. d6 Bxd6 35. exd6 Rxd6 36. Qe5+ Rf6 37. Qxc5 Rxf4 38. Qxa7 Rf7 39. a4 Nf6 40. a5 Kg6 41. Qe3 Ng4 42. Qg3 Kh5 43. h3 1-0


[Site "https://www.chess.com"]

[Event "Titled Tuesday Blitz November 14 Late 2023"]
[White "Sanchez Alvares, Kelvin Antonio"]
[Black "Kamsky, Gata"]
[WhiteFideId "3906680"]
[BlackFideId "2000024"]
[WhiteElo "2579"]
[BlackElo "2927"]
[Result "0-1"]
[Round "2"]
[TimeControl "180+1"]
[Date "2023.11.14"]
[WhiteClock "0:00:29"]
[BlackClock "0:01:10"]
[Board "20"]

1. e4 c5 2. Nf3 e6 3. d4 cxd4 4. Nxd4 a6 5. c4 Nc6 6. Nxc6 dxc6 7. Qxd8+ Kxd8 8. Nc3 e5 9. Bg5+ Kc7 10. O-O-O Be6 11. Be3 Nf6 12. f3 Nd7 13. Be2 b5 14. cxb5 axb5 15. a3 b4 16. axb4 Bb3 17. Rde1 Bxb4 18. Bd1 Ra1+ 19. Kd2 Be6 20. Bc2 Ra2 21. Rb1 Rd8 22. Rhc1 Nc5+ 23. Ke2 Bc4+ 24. Kf2 Bxc3 25. Bxc5 Rd2+ 26. Kg3 Bxb2 0-1


[Site "https://www.chess.com"]

[Event "Titled Tuesday Blitz November 14 Late 2023"]
[White "Chigaev, Maksim"]
[Black "Omelja, Artem"]
[WhiteFideId "4108116"]
[BlackFideId "14119846"]
[WhiteElo "2922"]
[BlackElo "2572"]
[Result "1-0"]
[Round "2"]
[TimeControl "180+1"]
[Date "2023.11.14"]
[WhiteClock "0:00:06"]
[BlackClock "0:00:01"]
[Board "21"]

1. d4 Nf6 2. c4 e6 3. g3 d5 4. Bg2 Bb4+ 5. Nd2 O-O 6. Nf3 Nc6 7. Qc2 dxc4 8. Qxc4 Qd5 9. O-O Bxd2 10. Qxd5 exd5 11. Bxd2 Bg4 12. e3 Ne4 13. Bc3 Rfe8 14. Rfc1 Bxf3 15. Bxf3 Nd8 16. a4 a5 17. b4 axb4 18. Bxb4 c6 19. a5 f6 20. h4 Nf7 21. a6 Ra7 22. axb7 Rxb7 23. Be1 Rb6 24. Ba5 Rb2 25. Be1 Rb6 26. Bg4 Reb8 27. Bd7 Nd8 28. Kg2 Kf7 29. Bf5 Nd6 30. Bxh7 g6 31. Ba5 R6b7 32. Bxd8 Rxd8 33. h5 gxh5 34. Rxc6 f5 35. Raa6 Rbd7 36. Bxf5 Nxf5 37. Rf6+ Kg7 38. Rxf5 Rf8 39. Rxf8 Kxf8 40. Rh6 1-0


[Site "https://www.chess.com"]